 Dungeon Crawl Stone Soup version 0.32-a0-868-g153ae1a8d6 (webtiles) character file.

Game seed: 13561161006387082056

140 Ruich the Chopper (level 5, -18/47 HPs)
             Began as a Minotaur Delver on Mar 29, 2024.
             Demolished by an ogre
             ... wielding a +0 giant club
              (36 damage)
             ... on level 4 of the Dungeon.
             The game lasted 00:02:10 (746 turns).

Ruich the Chopper (Minotaur Delver)                  Turns: 746, Time: 00:02:10

Health: -18/47     AC:  3    Str: 19    XL:     5   Next: 2%
Magic:  4/4        EV: 11    Int:  7    God:
Gold:   12         SH:  0    Dex: 11    Spells: 4/4 levels left

rFire   . . .        a - +0 hand axe
rCold   . . .        (no shield)
rNeg    . . .        b - +0 leather armour
rPois   .            (helmet restricted)
rElec   .            (no cloak)
rCorr   .            (no gloves)
SInv    .            (no boots)
Will    .....        (no amulet)
Stlth   ++           (no ring)
HPRegen 0.27/turn    (no ring)
MPRegen 0.09/turn

%: no passive effects
@: hasted, very quick
A: horns 2, retaliatory headbutt
a: no special abilities


You were on level 4 of the Dungeon.
You visited 1 branch of the dungeon, and saw 3 of its levels.

You collected 12 gold pieces.


Innate Abilities, Weirdness & Mutations

You have a pair of horns on your head.
You reflexively headbutt those who attack you in melee.


   Skills:
 + Level 4.6 Fighting
 * Level 4.8 Axes
 + Level 3.4 Dodging
 - Level 4.1 Stealth


You had 4 spell levels left.
You didn't know any spells.
Your spell library was empty.

Inventory:

Hand Weapons
 a - a +0 hand axe (weapon)
 j - the +1 long sword of Checks and Balances {flame, Str+3 SInv}
   (You found it on level 4 of the Dungeon)

   Str+3:     It affects your strength (+3).
   SInv:      It lets you see invisible.
Armour
 b - a +0 leather armour (worn)
Wands
 g - a wand of digging (3)
Scrolls
 c - a scroll of fog
 d - a scroll of revelation
 e - a scroll of fear
 l - a scroll of blinking {unknown}
Potions
 h - a potion of magic {unknown}
 i - a potion of curing {unknown}
 k - 2 potions of berserk rage {unknown}

Dungeon Overview and Level Annotations

Branches:
Dungeon (5/15) Zot: 17249
 Temple: D:4-7

Altars:
Okawaru

################
#...§^.........#
#..?O@......§#.#
#..≈§≈≈≈.≈§≈§#.#
#..§§......§.#.# #
##.≈.#.###.≈§#.###....
#§§.#...#.≈...†...#
#.§.#._.#.§..######
#§≈.#...#§§..##
#.§§###.#.≈...#
#.≈§......§.#.#


You could see an ogre.


Message History

The liquid fire burns you!
The bombardier beetle barely misses you.
You hit the bombardier beetle.
You kill the bombardier beetle!
The liquid fire burns you!
You have reached level 5!
You shake off some of the fire as you move.
The liquid fire burns you!
* * * LOW HITPOINT WARNING * * *
You shake off the liquid fire.
You start resting.
HP restored.
Found a scroll labelled WYVASK PAOMMAT.
Found a scroll labelled UPNYIC UKU GOM.
An ogre comes into view. It is wielding a +0 giant club.
The ogre shouts!
You feel yourself speed up.
Unknown command.
You hit the ogre. You headbutt the ogre.
The ogre is moderately wounded.
Ouch! That really hurt!
* * * LOW HITPOINT WARNING * * *
Unknown command.
You barely miss the ogre. You headbutt the ogre.
The ogre is heavily wounded.
Unknown command.
You barely miss the ogre.
The ogre is heavily wounded.
Ouch! That really hurt!
You die...

Skill      XL: |  1  2  3 |
---------------+----------+-----
Fighting       | 4 |  4.6
Axes           | 3 4 |  4.8
Dodging        | 3 |  3.4
Stealth        | |  4.1

Action                     |  1- 3 |  4- 6 || total
---------------------------+-------+-------++-------
  Melee: Hand axe          |    19 |    30 ||    49
         Headbutt          |     3 |     7 ||    10
    Use: Potion            |       |     1 ||     1
   Stab: Sleeping          |       |     1 ||     1
 Armour: Leather armour    |     9 |    23 ||    32
  Dodge: Dodged            |    11 |    12 ||    23

Levels and vault maps discovered:
D:3:      layout_basic, gammafunk_temple_overflow_statue
D:4:      layout_loops_ring, mainiacjoe_overflow_brackets
D:5:      layout_basic, mainiacjoe_overflow_24_doors,
          minmay_temple_entry_antechambers

Notes
Turn   | Place    | Note
-------+----------+-------------------------------------------
     0 | D:5      | Ruich the Minotaur Delver began the quest for the Orb.
     0 | D:5      | Reached XP level 1. HP: 19/19 MP: 0/0
     5 | D:5      | Noticed a scorpion
    13 | D:5      | Noticed a hound
    22 | D:5      | Killed a hound
    23 | D:5      | Reached skill level 4 in Fighting
    23 | D:5      | Reached skill level 3 in Axes
    23 | D:5      | Reached XP level 2. HP: 24/27 MP: 1/1
    23 | D:5      | Reached XP level 3. HP: 30/33 MP: 2/2
    99 | D:5      | HP: 2/33 [iguana (9)]
   104 | D:5      | Reached skill level 4 in Axes
   104 | D:5      | Reached skill level 3 in Dodging
   104 | D:5      | Reached XP level 4. HP: 3/41 MP: 3/3
   394 | D:4      | Identified the +1 long sword of Checks and Balances {flame,
                  | Str+3 SInv}
   624 | D:4      | Found an iron altar of Okawaru.
   646 | D:4      | Reached XP level 5. HP: 27/47 MP: 4/4
   741 | D:4      | Noticed an ogre
   746 | D:4      | Demolished by an ogre

Vanquished Creatures
  A bombardier beetle (D:4)
  A hound (D:5)
  2 iguanas (D:5)
  A gnoll (D:4)
  An adder (D:4)
  A ribbon worm (D:4)
  An orc (D:3)
  A kobold (D:4)
9 creatures vanquished.

Table legend: (Time is in decaauts)
 A = Elapsed time spent in this place.
 B = Non-inter-level travel time spent in this place.
 C = Inter-level travel time spent in this place.
 D = Time resting spent in this place.
 E = Time spent auto-exploring this place.
 F = Levels seen in this place.
 G = Mean time per level.
                   A        B        C        D        E       F      G
               +--------+--------+--------+--------+--------+-----+--------+
         Total |    750 |    750 |      0 |    418 |     76 |   3 |  250.0 |
       Dungeon |    750 |    750 |      0 |    418 |     76 |   3 |  250.0 |
               +--------+--------+--------+--------+--------+-----+--------+

Top non-repeatable levels by time:
     D:4: 398 daAuts
     D:5: 256 daAuts
     D:3: 95 daAuts

Table legend:
 A = Non-vault XP
 B = Vault XP
 C = Vault XP percentage of total XP
 D = Non-vault monster count
 E = Vault monster count
 F = Vault count percentage of total count
                 A         B        C        D         E       F
            +---------+---------+-------+---------+---------+-------
      Total |     201 |       0 |   0.0 |       9 |       0 |   0.0
            +---------+---------+-------+---------+---------+-------
        D:3 |       3 |       0 |   0.0 |       1 |       0 |   0.0
        D:4 |      81 |       0 |   0.0 |       5 |       0 |   0.0
        D:5 |     117 |       0 |   0.0 |       3 |       0 |   0.0
            +---------+---------+-------+---------+---------+-------
